 Dungeon Crawl Stone Soup version 0.21.1-1-g345015f (webtiles) character file.

2830 Kairos the Covert (level 9, 0/45 HPs)
             Began as a Vine Stalker Enchanter on Apr 27, 2018.
             Was a Believer of Okawaru.
             Succumbed to a killer bee's poison
             ... on level 7 of the Dungeon.
             The game lasted 00:27:11 (7390 turns).

Kairos the Covert (Vine Stalker Enchanter)          Turns: 7390, Time: 00:27:12

Health: 0/45       AC:  4    Str: 14    XL:     9   Next: 73%
Magic:  1/27       EV: 20    Int: 15    God:    Okawaru [**....]
Gold:   419        SH:  3    Dex: 20    Spells: 9/18 levels left

rFire    + . .     SeeInvis .   O - +2 dagger (venom)
rCold    + . .     Gourm    .   (no shield)
rNeg     . . .     Faith    .   b - +0 robe
rPois    +         Spirit   +   N - +0 helmet
rElec    +         Reflect  +   M - +0 cloak
rCorr    +         Harm     .   (no gloves)
MR       +....                  (no boots)
Stlth    ++++++....             k - +3 amulet of reflection
HPRegen  0.55/turn              r - ring of magical power
MPRegen  0.20/turn              q - +5 ring of dexterity

@: lethally poisoned (0 -> -14), resistant, heroism
A: fangs 3, regeneration 1, magic shield, antimagic bite, no potion heal 3, rot
immunity
a: Heroism, Renounce Religion


You were on level 7 of the Dungeon.
You worshipped Okawaru.
Okawaru was pleased with you.
You were near starving.

You visited 2 branches of the dungeon, and saw 9 of its levels.
You also visited: Ossuary.

You collected 419 gold pieces.

Inventory:

Hand Weapons
 a - a +1 dagger
 j - a +3 dagger of pain
 O - a +2 dagger of venom (weapon)
Armour
 b - a +0 robe (worn)
 M - a +0 cloak (worn)
 N - a +0 helmet (worn)
 P - a +0 scale mail of cold resistance
Jewellery
 k - a +3 amulet of reflection (around neck)
 l - a +3 ring of protection
 q - a +5 ring of dexterity (right hand)
 r - a ring of magical power (left hand)
Wands
 v - a wand of flame (1)
 x - a wand of random effects (8)
 B - a wand of acid (3)
 G - a wand of iceblast (10)
 K - a wand of paralysis (9)
Scrolls
 f - 2 scrolls of fog
 h - 4 scrolls of remove curse
 n - 5 scrolls of teleportation
 w - 5 scrolls of enchant weapon
 y - 2 scrolls of random uselessness {unknown}
 C - 3 scrolls of blinking {unknown}
 D - 2 scrolls of amnesia
 E - 2 scrolls of enchant armour {unknown}
 H - 3 scrolls of immolation {unknown}
 J - 2 scrolls of identify
 L - a scroll of magic mapping
 Q - a scroll of vulnerability {unknown}
Potions
 e - 2 potions of haste {unknown}
 g - 3 potions of mutation {unknown}
 i - a potion of magic {unknown}
 m - 2 potions of degeneration {unknown}
 o - 4 potions of curing {unknown}
 p - 2 potions of invisibility {unknown}
 s - a potion of brilliance {unknown}
 t - 7 potions of heal wounds
 u - 3 potions of resistance
 z - 3 potions of flight {unknown}
 A - a potion of might {unknown}
 F - a potion of ambrosia {unknown}
 I - a potion of cancellation {unknown}
Books
 c - a book of Maledictions

   Spells                             Type                      Level
   a - Corona                         Hexes                        1
   b - Ensorcelled Hibernation        Hexes/Ice                    2
   c - Confuse                        Hexes                        3
   d - Tukima's Dance                 Hexes                        3
   e - Dazzling Spray                 Conjuration/Hexes            3
Comestibles
 d - 13 rations
 R - 2 chunks of flesh


   Skills:
 + Level 3.7(8.7) Fighting
 + Level 5.7(10.7) Short Blades
 + Level 4.3(9.3) Dodging
 + Level 9.4(14.4) Stealth
 + Level 5.4 Spellcasting
 + Level 5.3 Hexes


You had 9 spell levels left.
You knew the following spells:

 Your Spells              Type           Power        Failure   Level  Hunger
a - Corona                Hex            ###....      1%          1    None
b - Tukima's Dance        Hex            ###.....     5%          3    ###....
c - Confuse               Hex            ###.....     5%          3    ###....
d - Ensorcelled Hibernat  Hex/Ice        ##....       8%          2    #......


Dungeon Overview and Level Annotations

Branches:
Dungeon (8/15)             Temple (1/1) D:4
   Lair: D:8-11

Altars:
Ashenzari
Cheibriados
Dithmenos
Elyvilon
Fedhas
Gozag
Hepliaklqana
Makhleb
Okawaru
Qazlal
Ru
Sif Muna
Trog
Uskayaw
Vehumet
Wu Jian
Xom
Yredelemnul
Zin
The Shining One

Shops:
D:6 [


Innate Abilities, Weirdness & Mutations

You have razor-sharp teeth.
Your natural rate of healing is unusually fast.
When hurt, damage is shared between your health and your magic reserves.
Your bite disrupts and absorbs the magic of your enemies.
Potions cannot restore your health.
You are immune to rotting.


Message History

You feel protected.
* * * LOW HITPOINT WARNING * * *
You feel very sick. The killer bee closely misses you.
You block the killer bee's attack. The killer bee completely misses you.
You block the killer bee's attack.
Okay, then.
As you read the scroll of teleportation, it crumbles to dust.
You feel strangely unstable.
* * * LOW HITPOINT WARNING * * *
You feel sick.
You kill the killer bee!
Okawaru accepts your kill. You block the killer bee's attack.
The killer bee stings you.
* * * LOW HITPOINT WARNING * * *
* * * LOW HITPOINT WARNING * * *
You feel very sick. The killer bee closely misses you.
You gain the combat prowess of a mighty hero.
Your surroundings suddenly seem different.
You die...

###...####.#รท###..# #.....# #.
...........#.###..####.....# #.
...........................# ##
.....[>....##.##...###.....# #
###...####.##..............# #
#...# #......#.#.#.###### ###...#
####.........# ......#
#...#.#.#.# ###...# #...@.....#
##...########...#.#.#.#
##.#.#......##........#
##.#.#.####.###......############
.....#.####.##.####..............
.###.#.##.....#.#################
.# #.#.##.#......#
.###.#.##.#..#.#.#
.............#.#.#


There were no monsters in sight!

Vanquished Creatures
  The ghost of Eltigrechino the Firebug, an amateur DEFE (D:4)
  The ghost of Mirai the Sneak, an amateur KoEn of Okawaru (D:3)
  A hungry ghost (D:8)
  An orc warrior (D:7)
  An ice beast (D:5)
  4 ogres
  A centaur (D:6)
  2 bullfrogs
  A scorpion (D:6)
  4 wights
  A killer bee (D:7)
  6 howler monkeys
  2 crimson imps
  A bullfrog zombie (D:6)
  A centaur zombie (D:8)
  2 hounds (D:4)
  An orc priest (D:8)
  A bullfrog skeleton (D:6)
  A centaur skeleton (D:7)
  Terence (D:2)
  An iguana (D:8)
  Ijyb (D:3)
  5 orc wizards
  4 worker ants
  A hound skeleton (D:7)
  13 mummies
  A worker ant zombie (D:6)
  A gnoll (D:3)
  A howler monkey skeleton (D:6)
  8 adders
  A shadow imp (D:6)
  2 oozes
  An adder skeleton (D:4)
  2 worms
  4 dart slugs
  4 leopard geckos
  15 orcs
  A ball python (D:3)
  11 bats
  7 giant cockroaches
  15 goblins
  9 hobgoblins
  16 jackals
  4 quokkas
  6 frilled lizards
  2 gnoll skeletons (Ossuary)
  2 goblin skeletons (Ossuary)
  A jackal skeleton (D:8)
  6 kobolds
  A kobold skeleton (Ossuary)
  3 orc skeletons (Ossuary)
  A quokka skeleton (D:6)
  13 rats
  11 rat skeletons (Ossuary)
208 creatures vanquished.

Vanquished Creatures (collateral kills)
  Sigmund (D:2)
1 creature vanquished.

Grand Total: 209 creatures vanquished

Notes
Turn   | Place    | Note
-------+----------+-------------------------------------------
     0 | D:1      | Kairos the Vine Stalker Enchanter began the quest for the Orb.
     0 | D:1      | Reached XP level 1. HP: 9/9 MP: 4/4
   129 | D:1      | Reached XP level 2. HP: 2/13 MP: 1/6
   481 | D:1      | Reached skill level 4 in Stealth
   728 | D:1      | Reached XP level 3. HP: 7/16 MP: 4/7
   865 | D:1      | Reached skill level 1 in Short Blades
  1184 | D:2      | Noticed Terence
  1188 | D:2      | Noticed Sigmund
  1529 | D:1      | Learned a level 3 spell: Tukima's Dance
  1533 | D:1      | Learned a level 3 spell: Confuse
  1698 | D:2      | Killed Terence
  1698 | D:2      | Gained mutation: Your natural rate of healing is unusually fast. [Vine Stalker growth]
  1698 | D:2      | Reached XP level 4. HP: 5/21 MP: 3/8
  1911 | D:2      | Killed Sigmund
  1911 | D:2      | Reached skill level 1 in Fighting
  1911 | D:2      | Reached skill level 5 in Stealth
  1911 | D:2      | Reached XP level 5. HP: 25/25 MP: 10/10
  2091 | D:2      | Reached XP level 6. HP: 30/30 MP: 11/11
  2167 | D:3      | Noticed Ijyb
  2377 | D:3      | Found a radiant altar of Vehumet.
  2378 | D:3      | Found a burning altar of Makhleb.
  2516 | D:3      | Killed Ijyb
  2628 | D:3      | Noticed Mirai's ghost (amateur KoEn)
  2706 | D:3      | Killed Mirai's ghost
  2706 | D:3      | Reached skill level 6 in Stealth
  2706 | D:3      | Reached XP level 7. HP: 31/34 MP: 12/12
  3568 | D:4      | Found a staircase to the Ecumenical Temple.
  3702 | D:4      | Noticed Eltigrechino's ghost (amateur DEFE)
  3744 | D:4      | Killed Eltigrechino's ghost
  3744 | D:4      | Gained mutation: You have razor-sharp teeth. [Vine Stalker growth]
  3744 | D:4      | Reached XP level 8. HP: 39/39 MP: 13/13
  4392 | D:5      | Entered Level 5 of the Dungeon
  4462 | Temple   | Entered the Ecumenical Temple
  4551 | Temple   | Became a worshipper of Warmaster Okawaru
  4600 | D:5      | Found a sand-covered staircase.
  4612 | Ossuary  | Entered an ossuary
  4617 | Ossuary  | Reached skill level 7 in Stealth
  5771 | D:6      | Reached * piety under Okawaru
  5771 | D:6      | Reached skill level 5 in Short Blades
  5775 | D:6      | Reached skill level 8 in Stealth
  5801 | D:6      | Learned a level 2 spell: Ensorcelled Hibernation
  5973 | D:6      | Reached XP level 9. HP: 26/44 MP: 9/15
  6049 | D:6      | Found Atuzuz's Antique Armour Emporium.
  6639 | D:7      | Reached ** piety under Okawaru
  7155 | D:8      | Reached skill level 9 in Stealth
  7155 | D:8      | Reached skill level 5 in Spellcasting
  7155 | D:8      | Reached skill level 5 in Hexes
  7389 | D:7      | HP: 1/45 [poisoned by a killer bee]
  7390 | D:7      | Succumbed to a killer bee's poison

Skill      XL: |  1  2  3  4  5  6  7  8  9 |
---------------+----------------------------+-----
Stealth        | 4 5 6 8 9 |  9.4
Dodging        | 2 3 4 |  4.3
Short Blades   | 1 2 3 4 5 |  5.7
Fighting       | 1 2 3 |  3.7
Spellcasting   | 3 5 |  5.4
Hexes          | 4 5 |  5.3

Action                   |  1- 3 |  4- 6 |  7- 9 || total
-------------------------+-------+-------+-------++-------
Melee: Dagger            |   127 |   133 |   439 ||   699
       Bite              |    28 |    36 |   156 ||   220
 Cast: Tukima's Dance    |     2 |     1 |       ||     3
       Confuse           |     1 |     3 |    56 ||    60
       Ensorcelled Hiber |       |       |     1 ||     1
Invok: Heroism           |       |       |     1 ||     1
  Use: Scroll            |       |       |    11 ||    11
       Potion            |       |       |     2 ||     2
 Stab: Sleeping          |     6 |     7 |    20 ||    33
       Confused          |       |     1 |    18 ||    19
       Distracted        |       |       |     3 ||     3
  Eat: Chunk             |     1 |     2 |    16 ||    19
       Ration            |       |     1 |     1 ||     2
Armor: Robe              |    20 |    23 |    40 ||    83
Dodge: Dodged            |    93 |    69 |   205 ||   367
Block: Other             |     9 |    18 |    37 ||    64
       Reflection        |     1 |     2 |     2 ||     5
